 Dungeon Crawl Stone Soup version 0.29-a0-819-g94b489e0ae (webtiles) character file.

Game seed: 9842536806354256612

692 Morbidden the Conjurer (level 7, -3/51 HPs)
             Began as a Demonspawn Conjurer on July 6, 2022.
             Killed from afar by a steam dragon (14 damage)
             ... with a ball of steam
             ... on level 5 of the Dungeon.
             The game lasted 00:05:46 (5645 turns).

Morbidden the Conjurer (Demonspawn Conjurer)        Turns: 5645, Time: 00:05:47

Health: -3/51      AC:  8    Str:  7    XL:     7   Next: 36%
Magic:  2/12       EV:  8    Int: 21    God:
Gold:   206        SH:  0    Dex: 12    Spells: 10/13 levels left

rFire   . . .      SeeInvis .   a - +3 dagger
rCold   + . .      Faith    .   (no shield)
rNeg    . . .      Spirit   .   m - +1 scale mail {rC+}
rPois   .          Reflect  .   (no helmet)
rElec   .          Harm     .   n - +0 cloak
rCorr   .          Rampage  .   (no gloves)
Will    .....                   (no boots)
Stlth   +.........              (no amulet)
HPRegen 0.17/turn               (no ring)
MPRegen 0.13/turn               (no ring)

@: very slightly contaminated
A: hooves 2, ignite blood 1, demonic magic 1
a: no special abilities


You were on level 5 of the Dungeon.
You visited 1 branch of the dungeon, and saw 5 of its levels.

You collected 248 gold pieces.
You spent 42 gold pieces at shops.

Inventory:

Hand Weapons
 a - a +3 dagger (weapon)
 b - a +5 long sword
 u - a +0 rapier
Armour
 m - a +1 scale mail of cold resistance (worn)
 n - a +0 cloak (worn)
Wands
 x - a wand of charming (15)
 y - a wand of digging (9)
Scrolls
 c - a scroll of enchant weapon {unknown}
 d - 6 scrolls of identify {unknown}
 h - 3 scrolls of fear {unknown}
 k - 5 scrolls of teleportation {unknown}
 l - a scroll of vulnerability {unknown}
 o - a scroll of amnesia {unknown}
 q - 2 scrolls of enchant armour {unknown}
 r - 3 scrolls of poison {unknown}
 t - a scroll of magic mapping {unknown}
Potions
 e - 5 potions of curing {unknown}
 f - 2 potions of might {unknown}
 g - a potion of mutation {unknown}
 i - a potion of haste {unknown}
 j - 4 potions of lignification
 p - a potion of brilliance {unknown}
 s - a potion of flight {unknown}
 v - 3 potions of magic
 w - a potion of heal wounds {unknown}
 z - 2 potions of degeneration {unknown}


   Skills:
 * Level 2.4 Fighting
 * Level 3.1(3.2) Short Blades
 * Level 0.9(2.1) Long Blades
 + Level 1.5 Armour
 * Level 3.0 Dodging
 + Level 2.8 Stealth
 * Level 3.6 Spellcasting
 * Level 5.3 Conjurations


You had 10 spell levels left.
You knew the following spells:

 Your Spells              Type           Power      Damage    Failure   Level
a - Magic Dart            Conj           100%       1d8       17%         1
b - Searing Ray           Conj           52%        2d6       26%         2

Your spell library contained the following spells:

 Spells                   Type           Power      Damage    Failure   Level
 Beastly Appendage        Tmut           6%         N/A       83%         1
 Sandblast                Erth           6%         2d5       83%         1
 Dazzling Flash           Conj/Hex       30%        N/A       83%         3
 Stone Arrow              Conj/Erth      30%        3d8       83%         3
 Ensorcelled Hibernation  Hex/Ice        6%         N/A       93%         2
 Passwall                 Tmut/Erth      2%         N/A       93%         2
 Wereblood                Tmut           3%         N/A       93%         2
 Spider Form              Tmut/Pois      3%         N/A       99%         3
 Swiftness                Air            3%         N/A       99%         3
 Fulminant Prism          Conj/Hex       7%         3d7       99%         4
 Iskenderun's Mystic Bla  Conj/Tloc      15%        2d5       99%         4


Dungeon Overview and Level Annotations

Branches:
Dungeon (5/15)
 Temple: D:4-7

Altars:
Wu Jian

Shops:
D:1 !:![


Innate Abilities, Weirdness & Mutations

You have hoof-like feet.
Your demonic aura sometimes causes spilled blood to erupt in flames.
Spells you cast may paralyse adjacent enemies.


Message History

The steam dragon barely misses you.
Unknown command.
Unknown command.
Unknown command.
Casting: Magic Dart (safe; 17% risk of failure)
Confirm with . or Enter, or press ? or * to list all spells.
Aiming: Magic Dart (safe; 17% risk of failure)
Press: ? - help, Shift-Dir - straight line, f/p - steam dragon
Aim: a steam dragon (moderately wounded, 100% to hit)
You miscast Magic Dart.
Nothing appears to happen.
You are engulfed in a cloud of scalding steam.
* * * LOW HITPOINT WARNING * * *
The steam dragon barely misses you.
The steam dragon claws you but does no damage.
Unknown command.
Unknown command.
Unknown command.
Casting: Magic Dart (safe; 17% risk of failure)
Confirm with . or Enter, or press ? or * to list all spells.
Aiming: Magic Dart (safe; 17% risk of failure)
Press: ? - help, Shift-Dir - straight line, f/p - steam dragon
Aim: a steam dragon (moderately wounded, 100% to hit)
You miscast Magic Dart.
Nothing appears to happen.
The steam dragon bites you.
* * * LOW HITPOINT WARNING * * *
The steam dragon claws you but does no damage.
Unknown command.
Unknown command.
Unknown command.
Casting: Magic Dart (safe; 17% risk of failure)
Confirm with . or Enter, or press ? or * to list all spells.
Aiming: Magic Dart (safe; 17% risk of failure)
Press: ? - help, Shift-Dir - straight line, f/p - steam dragon
Aim: a steam dragon (moderately wounded, 100% to hit)
The magic dart hits the steam dragon.
The steam dragon is heavily wounded.
Malevolent energies surge around you.
The steam dragon is engulfed in blazing flames.
The steam dragon breathes steam at you. The ball of steam hits you!
You die...

.....##.#.######
#.........#
####.##.#......#
#......##.#
#.##.######.#
#.>....##.#
#....).<..#.#
#.........#
####.##)).#.#
#......####
#.####.##...#.#####.####
#....>.####+###.)...#
######## #....#.#####
#.D@# #..### #... ###


You could see a steam dragon (catching breath).

Vanquished Creatures
  An ogre (D:5)
  A phantom (D:4)
  5 wights (D:4)
  An orc priest (D:2)
  A hound (D:5)
  2 iguanas (D:4)
  An orc wizard (D:3)
  3 gnolls (D:5)
  5 adders
  2 white imps (D:5)
  3 dart slugs
  4 orcs
  3 endoplasms
  4 giant cockroaches
  7 goblins
  5 hobgoblins
  3 kobolds (D:2)
  4 quokkas
  6 ball pythons
  4 bats (D:1)
  4 rats
69 creatures vanquished.

Vanquished Creatures (others)
  2 fungi (D:1)
  2 plants (D:1)
4 creatures vanquished.

Grand Total: 73 creatures vanquished

Notes
Turn   | Place    | Note
-------+----------+-------------------------------------------
     0 | D:1      | Morbidden the Demonspawn Conjurer began the quest for the
                  | Orb.
     0 | D:1      | Reached XP level 1. HP: 13/13 MP: 3/3
   146 | D:1      | Found Myhuby's Antique Armour Shop.
   383 | D:1      | Gained mutation: Spells you cast may paralyse adjacent
                  | enemies. [demonic ancestry]
   383 | D:1      | Reached XP level 2. HP: 19/19 MP: 1/5
   448 | D:1      | Found a faded altar of an unknown god.
   467 | D:1      | Found Xuegoux's Distillery.
   860 | D:1      | Found Ateqymetuky's Distillery.
   864 | D:1      | Bought a potion of lignification for 42 gold pieces
   896 | D:1      | Found Digustus's Book Shop.
   960 | D:1      | Learned a level 2 spell: Searing Ray
  1145 | D:2      | Gained mutation: Your demonic aura sometimes causes spilled
                  | blood to erupt in flames. [demonic ancestry]
  1145 | D:2      | Reached XP level 3. HP: 19/25 MP: 1/6
  2212 | D:2      | Reached skill level 1 in Fighting
  2212 | D:2      | Reached XP level 4. HP: 28/32 MP: 2/8
  2277 | D:3      | Reached skill level 1 in Short Blades
  2591 | D:3      | Found an ornate altar of the Wu Jian Council.
  2718 | D:3      | Gained mutation: You have large cloven feet. [demonic
                  | ancestry]
  2718 | D:3      | Reached XP level 5. HP: 37/37 MP: 7/9
  3184 | D:4      | Noticed a phantom
  3203 | D:4      | Killed a phantom
  3591 | D:4      | Reached skill level 5 in Conjurations
  3591 | D:4      | Gained mutation: You have hoof-like feet. [demonic
                  | ancestry]
  3591 | D:4      | Reached XP level 6. HP: 44/44 MP: 8/10
  3602 | D:4      | Reached skill level 1 in Armour
  4516 | D:4      | Reached XP level 7. HP: 38/50 MP: 12/12
  4615 | D:5      | Entered Level 5 of the Dungeon
  5330 | D:5      | HP: 2/51 [ogre/+0 giant club (21)]
  5634 | D:5      | Noticed a steam dragon
  5645 | D:5      | Killed from afar by a steam dragon

Illustrated notes

Levels and vault maps discovered:
D:1:      dpeg_arrival_concentric_ovals, layout_basic,
          shapermc_ecumenical_altar_mp_ritualfount, serial_shops, shop, shop,
          shop, shop
D:2:      layout_loops_ring
D:3:      layout_basic, nicolae_wu_jian_wuxing_cycle
D:4:      layout_basic
D:5:      layout_basic, kennysheep_generic_room_14

Skill      XL: |  1  2  3  4  5  6  7 |
---------------+----------------------+-----
Dodging        | 2 3 |  3.0
Fighting       | 1 2 |  2.4
Stealth        | 2 |  2.8
Short Blades   | 1 2 3 |  3.1
Spellcasting   | 3 |  3.6
Conjurations   | 5 |  5.3
Armour         | 1 |  1.5
Long Blades    | |  0.9

Action                   |  1- 3 |  4- 6 |  7- 9 || total
-------------------------+-------+-------+-------++-------
Melee: Unarmed           |     9 |       |       ||     9
       Rapier            |    39 |    79 |       ||   118
       Punch             |       |     1 |       ||     1
       Kick              |       |    23 |    10 ||    33
       Long sword        |       |    25 |       ||    25
       Dagger            |       |       |    45 ||    45
 Cast: Magic Dart        |    43 |    15 |    17 ||    75
       Searing Ray       |     2 |     1 |       ||     3
 Stab: Sleeping          |     1 |       |       ||     1
       Paralysed         |       |    10 |     4 ||    14
Armor: Robe              |    17 |       |       ||    17
       Scale mail        |       |    41 |    30 ||    71
Dodge: Dodged            |    38 |    42 |    23 ||   103

Table legend: (Time is in decaauts)
 A = Elapsed time spent in this place.
 B = Non-inter-level travel time spent in this place.
 C = Inter-level travel time spent in this place.
 D = Time resting spent in this place.
 E = Time spent auto-exploring this place.
 F = Levels seen in this place.
 G = Mean time per level.
                   A        B        C        D        E       F      G
               +--------+--------+--------+--------+--------+-----+--------+
         Total |   5660 |   5643 |     17 |   1146 |   3842 |   5 | 1132.0 |
       Dungeon |   5660 |   5643 |     17 |   1146 |   3842 |   5 | 1132.0 |
               +--------+--------+--------+--------+--------+-----+--------+

Top non-repeatable levels by time:
     D:4: 1726 daAuts
     D:2: 1212 daAuts
     D:1: 1060 daAuts
     D:3: 870 daAuts
     D:5: 790 daAuts
